 Dungeon Crawl Stone Soup version 0.22-a0-274-gf8199ec (webtiles) character file.

298 PeterLawrence the Cudgeler (level 6, -2/52 HPs)
             Began as a Minotaur Fighter on Mar 14, 2018.
             Was an Initiate of Okawaru.
             Slain by a slave (5 damage)
             ... led by Pikel
             ... on level 5 of the Dungeon.
             The game lasted 00:04:24 (3141 turns).

PeterLawrence the Cudgeler (Minotaur Fighter)       Turns: 3141, Time: 00:04:24

Health: -2/52      AC: 10    Str: 22    XL:     6   Next: 13%
Magic:  5/5        EV:  5    Int:  5    God:    Okawaru [......]
Gold:   230        SH:  9    Dex: 10    Spells: 5/5 levels left

rFire    . . .     SeeInvis +   k - +3 whip (elec)
rCold    . . .     Gourm    .   c - +0 shield
rNeg     . . .     Faith    .   j - +0 chain mail
rPois    .         Spirit   .   (helmet restricted)
rElec    .         Reflect  .   (no cloak)
rCorr    .         Harm     .   e - +0 pair of gloves
MR       .....                  (no boots)
Stlth    ..........             (no amulet)
HPRegen  0.17/turn              b - ring of see invisible
MPRegen  0.09/turn              m - +3 ring of slaying

@: lethally poisoned (-2 -> -9)
A: retaliatory headbutt, horns 2
a: Renounce Religion


You were on level 5 of the Dungeon.
You worshipped Okawaru.
Okawaru was noncommittal.
You were very hungry.

You visited 2 branches of the dungeon, and saw 6 of its levels.

You collected 230 gold pieces.

Inventory:

Hand Weapons
 a - a +0 flail
 k - a +3 whip of electrocution (weapon)
Armour
 c - a +0 shield (worn)
 e - a +0 pair of gloves (worn)
 j - a +0 chain mail (worn)
Jewellery
 b - a ring of see invisible (left hand)
 h - an uncursed ring of ice
 m - a +3 ring of slaying (right hand)
Wands
 t - a wand of flame (28)
Scrolls
 p - a scroll of amnesia {unknown}
 q - 2 scrolls of fog {unknown}
 s - 4 scrolls of identify {unknown}
Potions
 d - a potion of might
 g - a potion of berserk rage {unknown}
 i - 2 potions of curing
 l - 4 potions of mutation {unknown}
 o - a potion of invisibility {unknown}
 r - 4 potions of haste {unknown}
 u - a potion of experience {unknown}
 w - a potion of agility {unknown}
Comestibles
 f - 4 rations


   Skills:
 - Level 3.9 Fighting
 + Level 7.2 Maces & Flails
 - Level 4.3 Armour
 - Level 3.7 Shields


You had 5 spell levels left.
You didn't know any spells.

Dungeon Overview and Level Annotations

Branches:
Dungeon (5/15)             Temple (1/1) D:4

Altars:
Ashenzari
Cheibriados
Hepliaklqana
Okawaru
Qazlal
Ru
Sif Muna
Trog
Wu Jian
Yredelemnul

Annotations:
D:5 Pikel


Innate Abilities, Weirdness & Mutations

You reflexively headbutt those who attack you in melee.
You have a pair of horns on your head.


Message History

The slave hits you.
* * * LOW HITPOINT WARNING * * *
The worker ant bites you.
* * * LOW HITPOINT WARNING * * *
Your chain mail prevents you from hitting Pikel.
Pikel is severely wounded.
The slave hits you.
* * * LOW HITPOINT WARNING * * *
The slave hits you.
* * * LOW HITPOINT WARNING * * *
The worker ant bites you.
* * * LOW HITPOINT WARNING * * *
You are lethally poisoned!
The worker ant poisons you! You block Pikel's attack.
Unknown command.
Your shield and chain mail prevent you from hitting Pikel.
Pikel is heavily wounded.
* * * LOW HITPOINT WARNING * * *
You feel sick. You block the worker ant's attack. The slave hits you.
You die...

#.....### .#
#.....#.#..#
.#.###.#.#.#
...........>#
###.#####.#.#
##..####.#
#........#
#........#
#.....a@p#
#(....pKp#
#........#
#......l.#
#####..###
#.. ##. #.


You could see Pikel, 3 slaves, an iguana and a worker ant.

Vanquished Creatures
  The ghost of neds the Chucker, an amateur TrHu (D:3)
  A crimson imp (D:5)
  A worker ant (D:4)
  6 adders
  A shadow imp (D:2)
  5 worms
  A leopard gecko (D:2)
  8 orcs (D:3)
  2 ball pythons (D:2)
  2 giant cockroaches (D:2)
  10 goblins
  4 hobgoblins
  2 jackals (D:4)
  6 kobolds
  10 bats
  2 frilled lizards (D:3)
  9 rats
71 creatures vanquished.

Notes
Turn   | Place    | Note
-------+----------+-------------------------------------------
     0 | D:1      | PeterLawrence the Minotaur Fighter began the quest for the Orb.
     0 | D:1      | Reached XP level 1. HP: 19/19 MP: 0/0
   130 | D:1      | Reached XP level 2. HP: 26/27 MP: 1/1
   743 | D:2      | Reached skill level 3 in Maces & Flails
   752 | D:2      | Reached XP level 3. HP: 33/33 MP: 2/2
   929 | D:2      | Reached skill level 4 in Maces & Flails
  1055 | D:2      | Reached XP level 4. HP: 40/40 MP: 3/3
  1262 | D:3      | Noticed neds's ghost (amateur TrHu)
  1292 | D:2      | Reached skill level 5 in Maces & Flails
  1558 | D:3      | Killed neds's ghost
  1558 | D:3      | Reached skill level 6 in Maces & Flails
  1558 | D:3      | Reached XP level 5. HP: 40/46 MP: 4/4
  1960 | D:4      | Found a staircase to the Ecumenical Temple.
  2020 | Temple   | Entered the Ecumenical Temple
  2074 | Temple   | Became a worshipper of Warmaster Okawaru
  2481 | D:4      | Reached skill level 7 in Maces & Flails
  2481 | D:4      | Reached XP level 6. HP: 48/52 MP: 5/5
  3113 | D:5      | Entered Level 5 of the Dungeon
  3128 | D:5      | Noticed Pikel
  3130 | D:5      | Noticed a slave
  3130 | D:5      | Noticed a slave
  3131 | D:5      | Noticed a slave
  3141 | D:5      | Slain by a slave

Vault maps used:
D:1:      minmay_arrival_five_plusses, minmay_heptomino_d4
D:4:      temple_pool_b
D:5:      kennysheep_mini_moat, first_ration, minmay_tree_intersection,
          minmay_misc_feat_enclosed, uniq_blork_the_orc, uniq_sigmund,
          uniq_pikel
Temple:   minmay_crystal_spiral_temple

Skill      XL: |  1  2  3  4  5 |
---------------+----------------+-----
Armour         | 4 |  4.3
Maces & Flails | 3 4 6 7 |  7.2
Fighting       | |  3.9
Shields        | |  3.7

Action                   |  1- 3 |  4- 6 || total
-------------------------+-------+-------++-------
Melee: Flail             |    49 |       ||    49
       Headbutt          |     9 |    12 ||    21
       Whip              |    63 |    97 ||   160
  Use: Potion            |       |     2 ||     2
       Scroll            |       |     2 ||     2
  Eat: Chunk             |     1 |     5 ||     6
Armor: Scale mail        |    12 |       ||    12
       Chain mail        |    35 |    50 ||    85
Dodge: Dodged            |    16 |    18 ||    34
Block: Shield            |    71 |    55 ||   126

Table legend:
 A = Spawn XP
 B = Non-spawn XP
 C = Spawn XP percentage of total XP
 D = Spawn monster count
 E = Non-spawn monster count
 F = Spawn count percentage of total count
 G = Total turns spent on level
                    A         B        C        D         E        F      G
               +---------+---------+-------+---------+---------+-------+---------
         Total |       0 |     426 |   0.0 |       0 |      71 |   0.0 |  3141
               +---------+---------+-------+---------+---------+-------+---------
           D:1 |       0 |      33 |   0.0 |       0 |      21 |   0.0 |   736
           D:2 |       0 |     108 |   0.0 |       0 |      25 |   0.0 |   761
           D:3 |       0 |     194 |   0.0 |       0 |      20 |   0.0 |   446
           D:4 |       0 |      45 |   0.0 |       0 |       4 |   0.0 |  1073
           D:5 |       0 |      46 |   0.0 |       0 |       1 |   0.0 |    28
               +---------+---------+-------+---------+---------+-------+---------
